 Dungeon Crawl Stone Soup version 0.29.1-15-g9cfb28693d (webtiles) character file.

Game seed: 4983994960917704531

55822 GailPale the Unseen (level 15, -7/82 (86) HPs)
             Began as a Kobold Brigand on Apr 4, 2023.
             Was the Champion of Dithmenos.
             Killed by divine providence
             ... invoked by a meliai
              (10 damage)
             ... on level 3 of the Spider Nest on Apr 7, 2023.
             The game lasted 02:02:07 (21516 turns).

GailPale the Unseen (Kobold Brigand)               Turns: 21516, Time: 02:02:07

HP:   -7/82 (86)    AC: 27    Str: 13    XL:     15   Next: 19%
MP:   21/21         EV: 21    Int: 14    God:    Dithmenos [******]
Gold: 742           SH:  5    Dex: 20    Spells: 7/22 levels left

rFire   . . .      SeeInvis .   i - +7 dagger "Otsag" {vamp, Str+2}
rCold   . . .      Faith    .   (no shield)
rNeg    . . .      Spirit   .   A - +3 leather armour {rPois}
rPois   +          Reflect  +   H - +2 helmet
rElec   .          Harm     .   c - +2 cloak
rCorr   .          Rampage  .   Q - +2 pair of gloves
Will    +....                   Z - +2 pair of boots Stlth *****+++++
                                b - amulet of reflection
HPRegen 0.23/turn               l - +4 ring of protection
MPRegen 0.17/turn               y - +4 ring of protection

@: wreathed by umbra, lightly drained
A: small, no large weapons, nightstalker 3
a: Renounce Religion, Shadow Step, Shadow Form


You were on level 3 of the Spider Nest.
You worshipped Dithmenos.
Dithmenos was exalted by your worship.
You visited 5 branches of the dungeon, and saw 22 of its levels.

You collected 1826 gold pieces.
You spent 1084 gold pieces at shops.

Inventory:

Hand Weapons
 a - a +2 dagger
 i - the +7 dagger "Otsag" (weapon) {vamp, Str+2}
   (You found it on level 2 of the Dungeon)

   It occasionally heals its wielder for a portion of the damage dealt when it
   wounds a living foe.
   Str:       It affects your strength (+2).
 C - a +3 dagger of holy wrath
Missiles
 d - 46 poisoned darts (quivered)
 e - 7 curare-tipped darts
 k - 4 atropa-tipped darts
 E - 13 boomerangs
 L - a throwing net
 T - 6 boomerangs of dispersal
Armour
 c - a +2 cloak (worn)
 A - a +3 leather armour of poison resistance (worn)
 H - a +2 helmet (worn)
 Q - a +2 pair of gloves (worn)
 R - the +0 leather armour of Lesser Demons {rElec Will+ Str+3 Dex+2}
   (You found it on level 8 of the Dungeon)

   Str:       It affects your strength (+3).
   Dex:       It affects your dexterity (+2).
   rElec:     It insulates you from electricity.
   Will:      It increases your willpower.
 Z - a +2 pair of boots (worn)
Jewellery
 b - an amulet of reflection (around neck)
 l - a +4 ring of protection (left hand)
 n - a ring of positive energy
 s - a ring of fire
 y - a +4 ring of protection (right hand)
 F - a ring of flight
 W - a ring of protection from cold
 X - a ring of see invisible
Wands
 m - a wand of flame (12)
 w - a wand of mindburst (11)
 B - a wand of polymorph (12)
 G - a wand of paralysis (27)
Scrolls
 g - 2 scrolls of amnesia
 j - a scroll of silence
 t - a scroll of enchant armour
 z - 3 scrolls of enchant weapon
 D - 2 scrolls of butterflies
 M - 6 scrolls of magic mapping
 O - 2 scrolls of brand weapon
 S - a scroll of summoning
 U - 2 scrolls of identify
Potions
 f - 9 potions of curing
 h - 2 potions of brilliance
 o - 3 potions of flight
 p - 4 potions of lignification
 r - 2 potions of cancellation
 u - 3 potions of mutation
 v - 3 potions of might
 x - 12 potions of ambrosia
 J - 3 potions of attraction
 V - 3 potions of resistance
 Y - a potion of magic
Miscellaneous
 P - a phantom mirror


   Skills:
 - Level 7.0 Fighting
 - Level 10.0 Short Blades
 - Level 8.0 Throwing
 - Level 5.0 Armour
 - Level 10.0 Dodging
 + Level 19.7 Stealth
 - Level 4.0 Spellcasting
 * Level 7.3 Conjurations
 - Level 5.0 Hexes
 + Level 3.0 Transmutations
 - Level 5.0 Ice Magic
 + Level 5.7 Poison Magic
 * Level 5.6 Invocations
 * Level 7.1 Evocations


You had 7 spell levels left.
You knew the following spells:

 Your Spells              Type           Power      Damage    Failure   Level
a - Ensorcelled Hibernat  Hex/Ice        32%        N/A       4%          2
b - Dazzling Flash        Conj/Hex       40%        N/A       5%          3
c - Mephitic Cloud        Conj/Pois/Air  15%        N/A       12%         3
d - Ignite Poison         Fire/Tmut/Pois 11%        N/A       22%         3
e - Hailstorm             Conj/Ice       20%        3d6       19%         4

Your spell library contained the following spells:

 Spells                   Type           Power      Damage    Failure   Level
 Freeze                   Ice            64%        1d8       3%          1
 Frozen Ramparts          Ice            32%        1d5       9%          3
 Spider Form              Tmut/Pois      15%        N/A       12%         3
 Conjure Flame            Conj/Fire      13%        6-21      16%         3
 Stone Arrow              Conj/Erth      26%        3d8       16%         3
 Passwall                 Tmut/Erth      5%         N/A       19%         2
 Apportation              Tloc           4%         N/A       24%         1
 Necrotise                Necr           8%         1d4       24%         1
 Sandblast                Erth           4%         2d4       24%         1
 Summon Small Mammal      Summ           8%         N/A       24%         1
 Iskenderun's Mystic Bla  Conj/Tloc      13%        2d5       45%         4
 Sticky Flame             Conj/Fire      13%        2d4       45%         4
 Anguish                  Hex/Necr       4%         N/A       63%         4
 Summon Ice Beast         Ice/Summ       9%         N/A       63%         4
 Freezing Cloud           Conj/Ice/Air   7%         6-21      77%         5
 Animate Armour           Summ/Erth      4%         N/A       93%         4
 Summon Mana Viper        Hex/Summ       9%         N/A       93%         5
 Summon Forest            Summ/Tloc      1%         N/A       100%        5
 Starburst                Conj/Fire      6%         6d4       100%        6
 Summon Cactus Giant      Summ           1%         N/A       100%        6
 Monstrous Menagerie      Summ           1%         N/A       100%        7
 Lehudib's Crystal Spear  Conj/Erth      6%         10d3      100%        8


Dungeon Overview and Level Annotations

Branches:
Dungeon (11/15)            Temple (0/1) D:7            Lair (5/5) D:8
 Shoals (0/4) Lair:2       Spider (3/4) Lair:2        Slime (0/5) Lair:5
    Orc (2/2) D:9             Elf (1/3) Orc:2

Altars:
Cheibriados
Dithmenos
Kikubaaqudgha
Sif Muna
Trog
Wu Jian
Yredelemnul
Zin
Jiyva
Lugonu

Shops:
D:2 ?   Orc:2 =[?[!!?*

Portals:
Abyss: D:4

Annotations:
D:2 1 runed translucent door, Crazy Yiuf
D:10 3 exclusions


Innate Abilities, Weirdness & Mutations

You are small and have problems with some larger weapons.
You are completely attuned to the shadows.


Message History

* * * LOW HITPOINT WARNING * * *
You hear a faint skittering sound.
You hear an angry buzzing noise.
You hear a faint skittering sound. x4
Okay, then.
The demonic crawler misses you. The demonic crawler closely misses you.
You block the demonic crawler's attack.
Okay, then.
Okay, then.
The tarantella touches you but does no damage.
You block the demonic crawler's attack.
The demonic crawler completely misses you.
The demonic crawler hits you.
* * * LOW HITPOINT WARNING * * *
The demonic crawler barely misses you. The demonic crawler hits you.
* * * LOW HITPOINT WARNING * * *
The demonic crawler misses you.
The demonic crawler shrieks in warning!
A steelbarb worm comes into view.
You hear an angry buzzing noise. x3
Your surroundings suddenly seem different.
You start resting.
A meliai comes into view. It is wielding a +0 hand axe.
A meliai is nearby!
You start resting.
A tarantella comes into view.
The tarantella moves out of view.
You start resting.
A tarantella is nearby!
A tarantella is nearby!
You start resting.
A meliai comes into view. It is wielding a +0 war axe.
The meliai calls down the wrath of its god upon you.
Something smites you!
* * * LOW HITPOINT WARNING * * *
The tarantella's many legs skitter faintly.
You hear an angry buzzing noise.
A meliai comes into view. It is wielding a +0 hand axe.
The meliai calls down the wrath of its god upon you.
Something smites you!
You die...

##
###.###
##^#...#
#^.@..y.
###.sy..
###...
.#. .


You could see a tarantella and 2 meliai.

Vanquished Creatures
  An emperor scorpion (Spider:2)
  Louise (Spider:2)
  2 entropy weavers
  3 hydras
  2 jorogumos (Spider:3)
  2 centaur warriors (Orc:2)
  8 death yaks
  A steelbarb worm (Spider:2)
  A pharaoh ant (Spider:3)
  An orc knight (Orc:2)
  A deep elf zephyrmancer (Orc:2)
  9 wolf spiders
  A moth of wrath (Spider:3)
  11 elephants
  A black mamba (Lair:4)
  Maurice (Orc:1)
  11 cane toads
  A torpor snail (Lair:2)
  5 rime drakes
  A kobold demonologist (D:11)
  A demonic crawler (Spider:1)
  3 komodo dragons
  2 trolls (D:11)
  A queen bee (Lair:2)
  A hornet (D:7)
  2 polar bears (Lair:5)
  3 meliai (Spider:2)
  9 blink frogs
  4 tarantellas
  4 jumping spiders
  5 culicivoras
  An air elemental (Elf:1)
  A shadow (D:10)
  A vampire (D:9)
  2 spriggans (Lair:5)
  39 yaks
  6 wyverns
  3 wraiths
  2 steam dragons
  A fire elemental (Elf:1)
  21 redbacks
  A vampire mosquito (D:10)
  An acid dragon (D:10)
  15 water moccasins
  36 orc warriors
  3 ice beasts
  2 black bears
  7 ogres
  10 wolves
  11 centaurs
  4 kobold brigands
  4 bullfrogs
  A gnoll sergeant (D:9)
  4 scorpions
  8 wights (D:8)
  25 killer bees
  5 hounds
  A centaur zombie (D:4)
  10 orc priests
  2 jellies (D:5)
  A gnoll bouda (D:6)
  An iguana (D:4)
  8 orc wizards
  20 gnolls
  2 adders
  3 shadow imps
  A white imp (D:5)
  An adder zombie (D:4)
  2 worms
  3 dart slugs
  53 orcs
  10 endoplasms
  A giant cockroach (D:1)
  9 goblins
  8 hobgoblins
  4 jackals (D:3)
  14 kobolds
  6 quokkas
  6 ball pythons
  9 bats
  2 frilled lizards
  A goblin zombie (D:8)
  A quokka zombie (D:8)
  5 rats
  A lurking horror (D:4)
498 creatures vanquished.

Vanquished Creatures (others)
  4 bushes (D:8)
  15 fungi
  39 plants
58 creatures vanquished.

Grand Total: 556 creatures vanquished

Notes
Turn   | Place    | Note
-------+----------+-------------------------------------------
     0 | D:1      | GailPale the Kobold Brigand began the quest for the Orb.
     0 | D:1      | Reached XP level 1. HP: 12/12 MP: 1/1
   102 | D:1      | Reached XP level 2. HP: 17/17 MP: 2/2
   566 | D:1      | Reached skill level 6 in Stealth
   784 | D:1      | Reached XP level 3. HP: 21/21 MP: 3/3
  1468 | D:2      | Identified the +7 dagger "Otsag" {vamp, Str+2}
  1502 | D:2      | Found Rulod's Magic Scroll Shop.
  1512 | D:2      | Bought a scroll of teleportation for 33 gold pieces
  1550 | D:2      | Found a faded altar of an unknown god.
  1681 | D:2      | Found a runed translucent door.
  1684 | D:2      | Noticed Crazy Yiuf
  1736 | D:2      | Found a bloodstained altar of Trog.
  2098 | D:3      | Reached XP level 4. HP: 26/26 MP: 4/4
  2526 | D:3      | Reached XP level 5. HP: 28/31 MP: 5/5
  2636 | D:3      | Reached skill level 7 in Stealth
  3082 | D:4      | Found a basalt altar of Yredelemnul.
  3119 | D:4      | Reached XP level 6. HP: 36/36 MP: 6/6
  3211 | D:4      | Reached skill level 8 in Stealth
  3496 | D:4      | Noticed a black bear
  3514 | D:4      | Killed a black bear
  3515 | D:4      | Reached skill level 5 in Short Blades
  3515 | D:4      | Reached XP level 7. HP: 41/41 MP: 7/7
  3622 | D:4      | Found a one-way gate to the infinite horrors of the Abyss.
  3652 | D:4      | Found a corrupted altar of Lugonu.
  3759 | D:5      | Entered Level 5 of the Dungeon
  3844 | D:5      | You fall into a shaft and drop 3 floors!
  4234 | D:6      | Reached skill level 9 in Stealth
  4288 | D:5      | Found a glowing silver altar of Zin.
  4288 | D:5      | Noticed an angel
  4338 | D:5      | Reached XP level 8. HP: 46/46 MP: 8/8
  4878 | D:5      | Learned a level 2 spell: Ensorcelled Hibernation
  5100 | D:5      | Reached skill level 5 in Dodging
  5491 | D:6      | Reached skill level 10 in Stealth
  5616 | D:6      | Reached skill level 1 in Spellcasting
  5899 | D:7      | Reached XP level 9. HP: 52/52 MP: 9/11
  5921 | D:7      | Found a bloodstained altar of Trog.
  5945 | D:7      | Noticed a hornet
  5951 | D:7      | Killed a hornet
  6041 | D:7      | Found a shadowy altar of Dithmenos.
  6046 | D:7      | Became a worshipper of Dithmenos the Shadowed
  6076 | D:7      | Reached skill level 11 in Stealth
  6076 | D:7      | Reached skill level 1 in Hexes
  6421 | D:7      | Found a staircase to the Ecumenical Temple.
  6930 | D:7      | Reached skill level 1 in Ice Magic
  7481 | D:8      | Reached skill level 1 in Evocations
  7494 | D:8      | Reached XP level 10. HP: 53/58 MP: 13/15
  7587 | D:8      | Reached skill level 12 in Stealth
  7699 | D:8      | Reached skill level 5 in Fighting
  7806 | D:8      | Found a staircase to the Lair.
  7978 | D:7      | Reached skill level 13 in Stealth
  8247 | D:8      | Reached * piety under Dithmenos
  8305 | D:8      | Identified the +0 leather armour of Lesser Demons {rElec
                  | Will+ Str+3 Dex+2}
  8775 | D:9      | Found a staircase to the Orcish Mines.
  8794 | D:9      | Reached skill level 10 in Short Blades
  8794 | D:9      | Reached XP level 11. HP: 64/64 MP: 0/17
  8798 | D:9      | Learned a level 3 spell: Dazzling Flash
  8802 | D:9      | Learned a level 3 spell: Mephitic Cloud
  8806 | D:9      | Learned a level 3 spell: Ignite Poison
  8972 | D:9      | Found an ancient bone altar of Kikubaaqudgha.
  9160 | D:9      | Reached ** piety under Dithmenos
  9235 | D:9      | Found a shimmering blue altar of Sif Muna.
  9377 | D:9      | Found a snail-covered altar of Cheibriados.
  9539 | D:9      | Reached skill level 1 in Poison Magic
  9806 | D:10     | Entered Level 10 of the Dungeon
  9882 | D:10     | Reached skill level 1 in Armour
  9931 | D:10     | Reached skill level 1 in Conjurations
 10029 | D:10     | Noticed an ogre mage
 10029 | D:10     | Noticed an orc knight
 10050 | D:10     | Reached skill level 14 in Stealth
 10154 | D:10     | Found an ornate altar of the Wu Jian Council.
 10996 | D:11     | Reached *** piety under Dithmenos
 11046 | D:11     | Noticed a red ugly thing
 11056 | D:11     | Noticed a manticore
 11348 | Lair:1   | Entered Level 1 of the Lair of Beasts
 11746 | Lair:1   | Noticed a catoblepas
 11916 | Lair:2   | Found a staircase to the Shoals.
 11937 | Lair:2   | Reached skill level 15 in Stealth
 12052 | Lair:2   | Reached XP level 12. HP: 69/69 MP: 13/18
 12240 | Lair:2   | Reached skill level 5 in Throwing
 13002 | Lair:2   | Found a hole to the Spider Nest.
 13656 | Lair:3   | Reached skill level 10 in Dodging
 13680 | Lair:3   | Found a snail-covered altar of Cheibriados.
 13687 | Lair:3   | Noticed an eight-headed hydra
 13691 | Lair:3   | Killed an eight-headed hydra
 13695 | Lair:3   | Reached **** piety under Dithmenos
 13890 | Lair:3   | Reached XP level 13. HP: 76/76 MP: 16/19
 13925 | Lair:3   | Noticed an eight-headed hydra
 14195 | Orc:1    | Entered Level 1 of the Orcish Mines
 14312 | Orc:1    | Noticed Maurice
 14316 | Orc:1    | Killed Maurice
 14375 | Orc:2    | Entered Level 2 of the Orcish Mines
 14382 | Orc:2    | Found Valun's Distillery.
 14388 | Orc:2    | Bought a potion of heal wounds for 75 gold pieces
 14388 | Orc:2    | Found a staircase to the Elven Halls.
 14426 | Orc:2    | Found Xashrahue's Distillery.
 14431 | Orc:2    | Bought a potion of heal wounds for 65 gold pieces
 14431 | Orc:2    | Bought a potion of heal wounds for 65 gold pieces
 14431 | Orc:2    | Bought a potion of heal wounds for 65 gold pieces
 14453 | Orc:2    | Noticed a centaur warrior
 14460 | Orc:2    | Killed a centaur warrior
 14461 | Orc:2    | Reached skill level 5 in Poison Magic
 14811 | Orc:2    | Found Hoegrael's Magic Scroll Shop.
 14817 | Orc:2    | Found Cuepla's General Store.
 14883 | Orc:2    | Reached skill level 16 in Stealth
 15000 | Orc:2    | Bought a scroll of teleportation for 45 gold pieces
 15000 | Orc:2    | Bought a scroll of enchant armour for 112 gold pieces
 15058 | Orc:2    | Reached skill level 5 in Conjurations
 15351 | Orc:2    | Found Toot Viu's Armour Emporium.
 15351 | Orc:2    | Found Uraitanuz's Magic Scroll Shop.
 15351 | Orc:2    | Found Xoiq's Armour Boutique.
 15352 | Orc:2    | Found Laycog's Jewellery Shoppe.
 15356 | Orc:2    | Bought a +3 leather armour of poison resistance for 294
                  | gold pieces
 15369 | Orc:2    | Bought an amulet of reflection for 330 gold pieces
 15419 | Orc:2    | Reached ***** piety under Dithmenos
 15439 | Orc:2    | Noticed a centaur warrior
 15684 | Orc:2    | Reached skill level 1 in Transmutations
 15703 | Orc:2    | Reached skill level 1 in Invocations
 15929 | Orc:2    | Killed a centaur warrior
 16212 | Elf:1    | Entered Level 1 of the Elven Halls
 16359 | Orc:2    | Reached skill level 5 in Armour
 16943 | Lair:3   | Killed an eight-headed hydra
 16944 | Lair:3   | Reached skill level 5 in Hexes
 16949 | Lair:3   | Learned a level 4 spell: Hailstorm
 17817 | Lair:5   | Entered Level 5 of the Lair of Beasts
 17875 | Lair:5   | Noticed a six-headed hydra
 17877 | Lair:5   | Killed a six-headed hydra
 17878 | Lair:5   | Reached skill level 17 in Stealth
 17878 | Lair:5   | Reached XP level 14. HP: 82/82 MP: 20/20
 18267 | Lair:5   | Reached skill level 5 in Evocations
 18270 | Lair:5   | Reached skill level 5 in Ice Magic
 18488 | Lair:5   | Reached skill level 18 in Stealth
 18493 | Lair:5   | Found a viscous altar of Jiyva.
 18493 | Lair:5   | Found a staircase to the Slime Pits.
 19228 | Spider:1 | Entered Level 1 of the Spider Nest
 19228 | Spider:1 | Noticed an entropy weaver
 19263 | Lair:2   | Killed an entropy weaver
 20412 | Spider:1 | Noticed an entropy weaver
 20431 | Spider:1 | Reached ****** piety under Dithmenos
 20895 | Spider:2 | Reached skill level 19 in Stealth
 20907 | Spider:2 | Reached skill level 5 in Invocations
 20975 | Spider:2 | Noticed Louise
 20979 | Spider:2 | Killed Louise
 21021 | Spider:2 | Noticed an entropy weaver
 21021 | Spider:2 | Noticed an emperor scorpion
 21040 | Spider:2 | Killed an emperor scorpion
 21160 | Spider:2 | Killed an entropy weaver
 21161 | Spider:2 | Reached XP level 15. HP: 86/86 MP: 18/21
 21467 | Spider:3 | Noticed an emperor scorpion
 21515 | Spider:3 | HP: 3/82 [meliai/divine providence (16)]
 21516 | Spider:3 | Killed from afar by a meliai

Illustrated notes

Levels and vault maps discovered:
D:1:      roderic_crop_circles_arrival_small, layout_loops_ring,
          nicolae_hexahallways
D:2:      layout_rooms, basic_altar, serial_shops, shop_statue,
          hellmonk_ecumenical_altar_arch_garden, uniq_crazy_yiuf_cottage
D:3:      layout_basic
D:4:      minmay_razor_zed, layout_cave_pools, lemuel_zombie_altar_yredelemnul,
          cheibrodos_sewer_entry_bend, amcnicky_altar_lugonu_corruption,
          uniq_menkaure
D:5:      layout_basic, zin_angel
D:6:      layout_basic
D:7:      layout_loops_ring, old_standard_altar,
          nicolae_dithmenos_shadow_blocks, minmay_temple_entry_arrows
D:8:      layout_basic, minmay_lair_entry_grove, enter_ossuary_4
D:9:      layout_irregular_city, mainiacjoe_overflow_small_starburst,
          mainiacjoe_overflow_alcove_4, kennysheep_slug_shrine, david_orc_5
D:10:     minmay_the_grid_octo_tiled_octocenter [minmay_the_grid_octo_empty,
          minmay_the_grid_octo_fan_narrow, minmay_the_grid_octo_fat_diamond,
          minmay_the_grid_octo_focus, minmay_the_grid_octo_prize_big_c,
          minmay_the_grid_square_5x5_longway,
          minmay_the_grid_square_5x5_two_small, minmay_the_grid_square_5x5_z,
          minmay_the_grid_square_5x5_detours], layout_cave_pools,
          nzn_wu_jian_council_hall, uniq_harold
D:11:     layout_basic
Lair:1:   layout_concentric_octagons, dreamdust_mushroom_princess
Lair:2:   layout_loops_ring, minmay_shoals_entry_centaurs, spider_nest_entry_a,
          special_room [special_room_bee]
Lair:3:   nzn_motion_control, layout_cave_pods, basic_altar, disabler_island,
          grunt_megastairs_4
Lair:4:   layout_hall_layers
Lair:5:   minmay_lair_end_enchanted_forest, layout_hall_layers,
          dpeg_slime_entry_enclosed
Spider:1: layout_spider_delve, einodemon_crawler_minivault
Spider:2: layout_spider_delve, uniq_louise
Spider:3: nicolae_spider_jumping_over_cracks [nicolae_spider_jumping_sub_divot,
          nicolae_spider_jumping_sub_pools, nicolae_spider_jumping_sub_stairs,
          nicolae_spider_jumping_sub_shuffled], nicolae_spider_shape
Orc:1:    layout_diamond_mine, uniq_maurice
Orc:2:    st_orc_rangers, layout_caves, portal_ice_cave_rime, serial_shops,
          nicolae_diamond_shop, shop_statue, shop, shop
Elf:1:    elf_arrival_001, layout_loops_cross,
          hangedman_elven_crosses_minicolossus, grunt_ministairs_14

Skill      XL: |  1  2  3  4  5  6  7  8  9 10 11 12 13 14 15 |
---------------+----------------------------------------------+-----
Short Blades   | 3 4 5 6 7 8 10 | 10.0
Stealth        | 6 7 8 9 10 11 13 15 17 19 | 19.7
Dodging        | 2 3 4 6 7 8 9 10 | 10.0
Fighting       | 3 4 5 6 7 |  7.0
Spellcasting   | 1 3 4 |  4.0
Hexes          | 1 2 3 4 5 |  5.0
Ice Magic      | 1 2 3 4 5 |  5.0
Evocations     | 1 2 4 6 7 |  7.1
Throwing       | 3 4 6 7 8 |  8.0
Poison Magic   | 3 4 5 |  5.7
Armour         | 2 4 5 |  5.0
Conjurations   | 2 4 5 7 |  7.3
Transmutations | 2 3 |  3.0
Invocations    | 2 5 |  5.6

Action                   |  1- 3 |  4- 6 |  7- 9 | 10-12 | 13-15 || total
-------------------------+-------+-------+-------+-------+-------++-------
Melee: Dagger            |    63 |   142 |   209 |   790 |   861 ||  2065
       Punch             |       |     1 |       |    13 |    11 ||    25
Throw: Dart              |    17 |       |       |     8 |     5 ||    30
       Throwing net      |       |       |       |     2 |       ||     2
 Cast: Ensorcelled Hiber |       |       |     3 |    38 |    66 ||   107
       Dazzling Flash    |       |       |       |    17 |    18 ||    35
       Mephitic Cloud    |       |       |       |       |    12 ||    12
       Ignite Poison     |       |       |       |       |     6 ||     6
       Hailstorm         |       |       |       |       |     3 ||     3
Evoke: Wand              |       |       |     5 |    10 |     2 ||    17
  Use: Scroll            |     4 |     1 |     4 |    21 |    22 ||    52
       Potion            |       |       |       |     1 |    12 ||    13
 Stab: Sleeping          |    24 |    14 |    21 |    55 |    91 ||   205
       Distracted        |       |     1 |       |     5 |     7 ||    13
       Paralysed         |       |       |     1 |     4 |       ||     5
       Held in net/web   |       |       |       |     1 |       ||     1
       Invisible         |       |       |       |    14 |    16 ||    30
       Confused          |       |       |       |       |     1 ||     1
Armor: Robe              |    12 |    46 |    53 |    28 |       ||   139
       Leather armour    |       |       |       |   107 |   332 ||   439
Dodge: Dodged            |    35 |   120 |   143 |   764 |   947 ||  2009
Block: Other             |       |       |       |       |   191 ||   191
       Reflection        |       |       |       |       |     5 ||     5
